 Dungeon Crawl Stone Soup version 0.29.1-12-g30fa7ad0bf (webtiles) character file.

Game seed: 1220690845406567560

5377 Peloso the Carver (level 10, -2/88 HPs)
             Began as a Minotaur Fighter on Dec 24, 2022.
             Was a Believer of Okawaru.
             Slain by a two-headed ogre
             ... wielding a +0 giant club
              (13 damage)
             ... on level 9 of the Dungeon.
             The game lasted 00:20:48 (8291 turns).

Peloso the Carver (Minotaur Fighter)                Turns: 8291, Time: 00:20:48

Health: -2/88      AC: 13    Str: 26    XL:     10   Next: 39%
Magic:  9/9        EV:  9    Int:  5    God:    Okawaru [**....]
Gold:   299        SH:  5    Dex: 11    Spells: 9/9 levels left

rFire   + . .      SeeInvis .   a - +0 long sword
rCold   . . .      Faith    .   d - +0 buckler
rNeg    + . .      Spirit   .   y - +1 chain mail of Hedging {rPois rF+ rN+ Str+2}
rPois   +          Reflect  .   (helmet restricted)
rElec   .          Harm     .   (no cloak)
rCorr   .          Rampage  .   (no gloves)
Will    .....                   (no boots)
Stlth   ..........              j - amulet of regeneration
HPRegen 1.04/turn               q - ring of flight
MPRegen 0.11/turn               (no ring)

@: flying, hasted, very quick
A: horns 2, retaliatory headbutt
a: Renounce Religion, Heroism


You were on level 9 of the Dungeon.
You worshipped Okawaru.
Okawaru was pleased with you.
You visited 2 branches of the dungeon, and saw 10 of its levels.
You also visited: Sewer.

You collected 599 gold pieces.
You spent 300 gold pieces at shops.

Inventory:

Hand Weapons
 a - a +0 long sword (weapon)
Armour
 b - a +0 scale mail
 c - a +0 chain mail
 d - a +0 buckler (worn)
 h - a +0 plate armour of positive energy
 y - the +1 chain mail of Hedging (worn) {rPois rF+ rN+ Str+2}
   (You bought it in a shop on level 5 of the Dungeon)

   Str:       It affects your strength (+2).
   rF:        It protects you from fire.
   rPois:     It protects you from poison.
   rN:        It protects you from negative energy.
Jewellery
 f - a ring of magical power
 j - an amulet of regeneration (around neck)
 q - a ring of flight (left hand)
 z - a +6 ring of dexterity
Wands
 t - a wand of flame (7)
 u - a wand of mindburst (10)
 B - a wand of iceblast (4)
Scrolls
 g - a scroll of enchant armour {unknown}
 n - a scroll of fog
 p - 3 scrolls of noise {unknown}
 r - 2 scrolls of enchant weapon {unknown}
 s - 2 scrolls of immolation {unknown}
 x - 2 scrolls of teleportation
Potions
 e - a potion of flight
 i - a potion of brilliance
 k - 3 potions of resistance
 l - 4 potions of ambrosia {unknown}
 m - 2 potions of degeneration
 o - 4 potions of curing
 v - 2 potions of magic {unknown}
 w - a potion of mutation {unknown}


   Skills:
 + Level 8.0 Fighting
 + Level 11.2 Long Blades
 + Level 11.2 Armour
 + Level 3.5 Dodging
 + Level 1.1 Stealth
 + Level 7.3 Shields
 + Level 0.1 Invocations
 + Level 0.7 Evocations


You had 9 spell levels left.
You didn't know any spells.
Your spell library contained the following spells:

 Spells                   Type           Power      Damage    Failure   Level
 Blink                    Tloc           0%         N/A       99%         2
 Static Discharge         Conj/Air       0%         3-3/arc   99%         2
 Conjure Flame            Conj/Fire      0%         6-21      100%        3
 Ignite Poison            Fire/Tmut/Pois 0%         N/A       100%        3
 Inner Flame              Hex/Fire       0%         N/A       100%        3
 Lesser Beckoning         Tloc           0%         N/A       100%        3
 Portal Projectile        Hex/Tloc       0%         N/A       100%        3
 Cause Fear               Hex            0%         N/A       100%        4
 Leda's Liquefaction      Hex/Erth       0%         N/A       100%        4
 Sticky Flame             Conj/Fire      0%         2d3       100%        4
 Lightning Bolt           Conj/Air       0%         1d11      100%        5
 Manifold Assault         Tloc           0%         N/A       100%        5
 Discord                  Hex            0%         N/A       100%        8
 Maxwell's Capacitive Co  Air            0%         ∞         100%        8
 Call Canine Familiar     Summ           Unusable   N/A       N/A         3

Dungeon Overview and Level Annotations

Branches:
Dungeon (9/15)             Temple (1/1) D:7            Lair (0/5) D:9
  Sewer (visited)
    Orc: D:9-12

Altars:
Ashenzari
Cheibriados
Dithmenos
Elyvilon
Fedhas
Gozag
Hepliaklqana
Kikubaaqudgha
Makhleb
Nemelex Xobeh
Okawaru
Qazlal
Ru
Sif Muna
Trog
Uskayaw
Vehumet
Wu Jian
Xom
Yredelemnul
Zin
The Shining One
Lugonu

Shops:
D:2 [   D:5 !*[*=


Innate Abilities, Weirdness & Mutations

You have a pair of horns on your head.
You reflexively headbutt those who attack you in melee.


Message History

Really fly into that dispersal trap? [Y]es or [N]o only, please.
Really fly into that dispersal trap?
Okay, then.
You now have 261 gold pieces (gained 20).
There is a stone staircase leading up here.
You now have 278 gold pieces (gained 17).
Found a ring mail.
z - a +6 ring of dexterity
B - a wand of iceblast (4)
Found a hat and a pair of boots.
You now have 299 gold pieces (gained 21).
A two-headed ogre comes into view.
It is wielding a +0 giant club and a +1 great mace of protection.
Found an opal ring and an ancient rapier.
A two-headed ogre is nearby!
You hit the two-headed ogre but do no damage.
The two-headed ogre hits you with a +0 giant club!
You block the two-headed ogre's attack.
You hit the two-headed ogre but do no damage.
You headbutt the two-headed ogre!
The two-headed ogre is lightly wounded.
You hit the two-headed ogre but do no damage.
The two-headed ogre is lightly wounded.
The two-headed ogre hits you with a +0 giant club!
The two-headed ogre hits you with a +1 great mace of protection!
You hit the two-headed ogre.
Your headbutt misses the two-headed ogre.
The two-headed ogre is moderately wounded.
You hit the two-headed ogre.
The two-headed ogre is moderately wounded.
The two-headed ogre hits you with a +0 giant club!!
You block the two-headed ogre's attack.
Unknown command.
Okay, then.
Okay, then.
You feel yourself speed up.
The two-headed ogre hits you with a +0 giant club!!
* * * LOW HITPOINT WARNING * * *
The two-headed ogre hits you with a +1 great mace of protection!
You die...

.. ...[......############.#
.......[..................#
#######...................#
#...................#
#...................#
#...................# ####
#...................# ....
.....................# ....
...........@########## ....
.......O# .... ........#
.... ......... ....
.......=. ...# ###.......
...# #)...... ....
......... ####


You could see a two-headed ogre.

Vanquished Creatures
  Amaemon (D:8)
  Maurice (D:9)
  An orange demon (D:8)
  A komodo dragon (D:9)
  A hornet (D:9)
  Sigmund (D:2)
  6 yaks
  A wraith (D:9)
  A steam dragon (D:8)
  Grum (D:9)
  A water moccasin (D:8)
  2 orc warriors
  Pargi (Sewer)
  4 sky beasts
  A black bear (D:6)
  4 wolves (D:8)
  3 ogres
  2 centaurs
  2 scorpions
  A howler monkey (D:5)
  2 hounds
  4 orc priests
  An iguana (D:5)
  5 orc wizards
  6 gnolls
  7 adders
  A shadow imp (D:7)
  A white imp (D:7)
  A worm (D:3)
  4 dart slugs
  23 orcs
  8 bats
  7 endoplasms
  3 giant cockroaches (D:3)
  4 hobgoblins
  2 jackals (D:2)
  2 quokkas
  7 ball pythons
  4 frilled lizards
  9 goblins
  11 kobolds
  7 rats
155 creatures vanquished.

Vanquished Creatures (others)
  25 plants
25 creatures vanquished.

Grand Total: 180 creatures vanquished

Notes
Turn   | Place    | Note
-------+----------+-------------------------------------------
     0 | D:1      | Peloso the Minotaur Fighter began the quest for the Orb.
     0 | D:1      | Reached XP level 1. HP: 19/19 MP: 0/0
   251 | D:1      | Reached XP level 2. HP: 27/27 MP: 1/1
   314 | D:1      | Found a faded altar of an unknown god.
   845 | D:2      | Noticed Sigmund
   862 | D:2      | Reached XP level 3. HP: 33/33 MP: 2/2
   927 | D:2      | Killed Sigmund
   928 | D:2      | Reached skill level 5 in Armour
   928 | D:2      | Reached skill level 1 in Dodging
   928 | D:2      | Reached XP level 4. HP: 23/41 MP: 3/3
   928 | D:2      | Reached XP level 5. HP: 26/47 MP: 4/4
   973 | D:2      | Found Liurotar's Antique Armour Shop.
  2185 | D:3      | Reached XP level 6. HP: 53/53 MP: 5/5
  2491 | D:4      | Found a glowing drain.
  2571 | Sewer    | Entered a sewer
  2622 | Sewer    | Noticed Pargi
  2632 | Sewer    | Killed Pargi
  2633 | Sewer    | Reached skill level 5 in Fighting
  2633 | Sewer    | Reached skill level 5 in Shields
  2767 | D:4      | Reached skill level 5 in Long Blades
  2767 | D:4      | Reached XP level 7. HP: 33/61 MP: 6/6
  2975 | D:4      | Found a basalt altar of Yredelemnul.
  3392 | D:5      | Entered Level 5 of the Dungeon
  3392 | D:5      | Found Gylusm's Jewellery Emporium.
  3425 | D:5      | Found a shadowy altar of Dithmenos.
  3453 | D:5      | Found Evaosh's Armour Boutique.
  3761 | D:5      | Found Faextaiv's Assorted Antiques.
  3837 | D:5      | Found a stormy altar of Qazlal.
  3872 | D:5      | You fall into a shaft and drop 3 floors!
  4001 | D:8      | Identified the +6 short sword "Qonwi" {drain, +Blink rN+++
                  | Str-2 Int+4}
  4128 | D:8      | Reached XP level 8. HP: 32/69 MP: 7/7
  4274 | D:7      | Found a sacrificial altar of Ru.
  4791 | D:9      | Reached XP level 9. HP: 58/78 MP: 8/8
  4870 | D:8      | Noticed an orange demon
  4881 | D:8      | Killed an orange demon
  4902 | D:8      | Noticed Amaemon
  5184 | D:7      | Found a glowing silver altar of Zin.
  5257 | D:7      | Found a staircase to the Ecumenical Temple.
  5273 | Temple   | Entered the Ecumenical Temple
  5514 | D:6      | Reached skill level 10 in Long Blades
  5660 | D:5      | Found Kana's General Store.
  5960 | D:5      | Found a sparkling altar of Nemelex Xobeh.
  6014 | D:5      | Found Javedifa's Distillery.
  6017 | D:5      | Bought a potion of degeneration for 12 gold pieces
  6017 | D:5      | Bought a potion of berserk rage for 60 gold pieces
  6295 | D:5      | Bought a fine chain mail for 228 gold pieces
  6295 | D:5      | Identified the +1 chain mail of Hedging {rPois rF+ rN+
                  | Str+2} (You bought it in a shop on level 5 of the Dungeon)
  6336 | D:6      | Found a hide-covered altar of Uskayaw.
  6554 | D:6      | Found an iron altar of Okawaru.
  6556 | D:6      | Found a glowing golden altar of the Shining One.
  6925 | D:7      | Found an ancient bone altar of Kikubaaqudgha.
  6934 | D:7      | Found an opulent altar of Gozag.
  7027 | D:6      | Became a worshipper of Warmaster Okawaru
  7388 | D:8      | Found a broken altar of Ashenzari.
  7420 | D:8      | Killed Amaemon
  7420 | D:8      | Reached * piety under Okawaru
  7421 | D:8      | Reached skill level 10 in Armour
  7421 | D:8      | Reached skill level 1 in Stealth
  7421 | D:8      | Reached XP level 10. HP: 86/86 MP: 9/9
  7708 | D:9      | Found a staircase to the Lair.
  7784 | D:9      | Noticed Maurice
  7787 | D:9      | Noticed Grum
  7970 | D:9      | Killed Maurice
  7970 | D:9      | Reached ** piety under Okawaru
  7978 | D:9      | Killed Grum
  8037 | D:9      | Found a snail-covered altar of Cheibriados.
  8067 | D:9      | Paralysed by a hornet for 1 turns
  8284 | D:9      | Noticed a two-headed ogre
  8291 | D:9      | Slain by a two-headed ogre

Illustrated notes

Levels and vault maps discovered:
D:1:      heliophobic_arrival_enchanted_forest, layout_rooms,
          dreamdust_ecumenical_altar_grove
D:2:      layout_basic, serial_shops, shop, minmay_misc_feat_pillars,
          nrook_uturn, st_stairs_4, uniq_sigmund
D:3:      layout_loops_cross, serial_bayou, serial_bayou_crossing,
          serial_bayou_pond_c, serial_bayou_pond_b, serial_bayou_lagoon_b
D:4:      layout_loops_ring, mainiacjoe_overflow_tiny_flanked,
          gup_sewer_entry_glass
D:5:      layout_loops_corners, kennysheep_mini_moat,
          nicolae_dithmenos_the_darkroom, nemelex_diamond_rough_becter,
          serial_shops, nicolae_take_the_stairs, shop,
          nicolae_shop_behind_doors, nicolae_stop_n_shop_1,
          nicolae_inconvenience_store, dk_noncrumbling_3
D:6:      layout_rooms, nicolae_uskayaw_murder_on_the_dancefloor,
          nicolae_overflow_hidden_temple, serial_bayou_pond_e
D:7:      layout_basic, mainiacjoe_overflow_swirl, zin_scriptorium,
          mainiacjoe_overflow_catwalk, minmay_temple_entry_waves,
          kennysheep_generic_room_12
D:8:      layout_basic, mainiacjoe_overflow_alcove_4, uniq_amaemon
D:9:      layout_long_grid, kennysheep_slug_shrine, david_lair_shrubbed,
          uniq_maurice, uniq_grum
Temple:   corrupted_temple

Skill      XL: |  1  2  3  4  5  6  7  8  9 10 |
---------------+-------------------------------+-----
Shields        | 4 5 6 7 |  7.3
Fighting       | 4 5 6 7 8 |  8.0
Armour         | 4 5 6 7 8 10 11 | 11.2
Long Blades    | 3 4 5 6 8 10 11 | 11.2
Dodging        | 1 2 3 |  3.5
Stealth        | 1 |  1.1
Invocations    | |  0.1
Evocations     | |  0.7

Action                   |  1- 3 |  4- 6 |  7- 9 | 10-12 || total
-------------------------+-------+-------+-------+-------++-------
Melee: Long sword        |    70 |   121 |   321 |    83 ||   595
       Headbutt          |     8 |    25 |    67 |    26 ||   126
Invok: Heroism           |       |       |       |     2 ||     2
Evoke: Wand              |       |       |       |    11 ||    11
  Use: Potion            |     4 |       |     5 |     4 ||    13
       Scroll            |     1 |     7 |     7 |       ||    15
Armor: Scale mail        |    48 |    80 |       |       ||   128
       Chain mail        |       |     5 |   131 |    53 ||   189
       Plate armour      |       |       |    29 |       ||    29
Dodge: Dodged            |    30 |    88 |    97 |    56 ||   271
Block: Buckler           |    15 |    25 |    81 |    44 ||   165
